 Dungeon Crawl Stone Soup version 0.29.1-15-g9cfb28693d (webtiles) character file.

Game seed: 6181089103483720392

36 Heoruswealwe the Magician (level 3, -7/19 HPs)
             Began as a Deep Elf Earth Elementalist on Apr 19, 2023.
             Mangled by a wraith (11 damage)
             ... created by the anger of Yredelemnul
             ... on level 2 of the Dungeon.
             The game lasted 00:06:29 (696 turns).

Heoruswealwe the Magician (DEEE)                     Turns: 696, Time: 00:06:31

Health: -7/19      AC:  2    Str:  5    XL:     3   Next: 19%
Magic:  7/10       EV: 12    Int: 21    God:
Gold:   75         SH:  0    Dex: 15    Spells: 4/10 levels left

rFire   . . .      SeeInvis .   b - +1 dagger (venom)
rCold   . . .      Faith    .   (no shield)
rNeg    . . .      Spirit   .   c - +0 robe
rPois   .          Reflect  .   (no helmet)
rElec   .          Harm     .   (no cloak)
rCorr   .          Rampage  .   (no gloves)
Will    .....                   (no boots)
Stlth   ++........              (no amulet)
HPRegen 0.06/turn               (no ring)
MPRegen 0.12/turn               (no ring)

@: very slightly contaminated, slowed, very slow
A: no striking features
a: no special abilities


You were on level 2 of the Dungeon.
You visited 1 branch of the dungeon, and saw 2 of its levels.

You collected 75 gold pieces.

Inventory:

Hand Weapons
 b - a +1 dagger of venom (weapon)
Armour
 c - a +0 robe (worn)
Scrolls
 e - a scroll of butterflies {unknown}
 g - a scroll of enchant armour {unknown}
 h - a scroll of identify {unknown}
 i - a scroll of noise {unknown}
Potions
 a - a potion of degeneration {unknown}
 d - a potion of attraction {unknown}
 f - a potion of magic


   Skills:
 - Level 2.4 Dodging
 - Level 2.4 Stealth
 + Level 4.1 Spellcasting
 - Level 1.1 Transmutations
 + Level 4.1 Earth Magic


You had 4 spell levels left.
You knew the following spells:

 Your Spells              Type           Power      Damage    Failure   Level
a - Sandblast             Erth           42%        2d11      2%          1
b - Stone Arrow           Conj/Erth      26%        3d8       16%         3
z - Passwall              Tmut/Erth      12%        N/A       6%          2

Your spell library contained the following spells:

 Spells                   Type           Power      Damage    Failure   Level
 Gell's Gravitas          Tloc           4%         N/A       34%         3
 Lesser Beckoning         Tloc           4%         N/A       34%         3
 Teleport Other           Tloc           4%         N/A       34%         3
 Petrify                  Tmut/Erth      15%        N/A       38%         4


Dungeon Overview and Level Annotations

Branches:
Dungeon (2/15)

Altars:
Yredelemnul


Message History

Done exploring.
Done exploring.
Done exploring.
Search for what [? for help]? .
There is an escape hatch in the floor here.
You slide downwards.
The hatch slams shut behind you.
The blast of sand hits the hobgoblin!
You kill the hobgoblin!
Found a scroll labelled FICLIV MEH and 7 gold pieces.
Found a stone staircase leading down.
i - a scroll labelled FICLIV MEH You now have 75 gold pieces (gained 7).
Yredelemnul sends a servant to punish you.
A wraith comes into view.
You hit the wraith but do no damage.
You miscast Sandblast.
You are very lightly contaminated with residual magic.
Nothing appears to happen.
The wraith hits you!
Ouch! That really hurt!
The wraith drains your vigour!
You feel yourself slow down.
You are too injured to fight recklessly!
You are too injured to fight recklessly!
Casting: Sandblast (safe; 2% risk of failure)
Confirm with . or Enter, or press ? or * to list all spells.
Aiming: Sandblast (safe; 2% risk of failure)
Press: ? - help, Shift-Dir - straight line, f/p - wraith
Aim: a wraith (durably summoned, 83% to hit)
The blast of sand hits the wraith but does no damage.
The wraith closely misses you. The wraith hits you.
* * * LOW HITPOINT WARNING * * *
Casting: Sandblast (safe; 2% risk of failure)
Confirm with . or Enter, or press ? or * to list all spells.
Aiming: Sandblast (safe; 2% risk of failure)
Press: ? - help, Shift-Dir - straight line, f/p - wraith
Aim: a wraith (durably summoned, 83% to hit)
The blast of sand hits the wraith.
The wraith is lightly damaged.
The wraith hits you!
Ouch! That really hurt!
You die...

###.....#
#..†....# #
###.......# ..
..........#
...##..###.###
... #.### #..
#...#
#>.######.#
#..W@.....#
##.#####..# #.
#..## #. #...#
# ##..##
###...#####
#.........#
#.........#
#.........#


You could see a wraith.

Vanquished Creatures
  A dart slug (D:1)
  8 bats (D:1)
  8 endoplasms (D:1)
  5 giant cockroaches (D:1)
  2 hobgoblins
  A quokka (D:1)
  4 ball pythons (D:1)
  A kobold (D:1)
30 creatures vanquished.

Notes
Turn   | Place    | Note
-------+----------+-------------------------------------------
     0 | D:1      | Heoruswealwe the Deep Elf Earth Elementalist began the
                  | quest for the Orb.
     0 | D:1      | Reached XP level 1. HP: 10/10 MP: 6/6
   153 | D:1      | Reached XP level 2. HP: 8/15 MP: 5/8
   156 | D:1      | Learned a level 2 spell: Passwall
   353 | D:1      | Reached XP level 3. HP: 19/19 MP: 1/10
   357 | D:1      | Learned a level 3 spell: Stone Arrow
   392 | D:1      | Found a faded altar of an unknown god.
   413 | D:1      | Prayed at the altar of an unknown god.
   413 | D:1      | Became a worshipper of Yredelemnul the Dark
   413 | D:1      | Reached * piety under Yredelemnul
   414 | D:1      | Fell from the grace of Yredelemnul
   693 | D:2      | Noticed a wraith
   696 | D:2      | Mangled by a wraith

Illustrated notes

Levels and vault maps discovered:
D:1:      psy_arrival_basics, layout_loops_ring,
          chequers_ecumenical_altar_simple_redux, kennysheep_crisscross,
          nicolae_kite_square_tiling_tiny, st_stairs_4
D:2:      layout_rooms

Skill      XL: |  1  2 |
---------------+-------+-----
Spellcasting   | 4 |  4.1
Earth Magic    | 4 |  4.1
Dodging        | |  2.4
Stealth        | |  2.4
Transmutations | |  1.1

Action                   || total
-------------------------++-------
Melee: Unarmed           ||     1
       Dagger            ||     2
 Cast: Sandblast         ||    38
       Passwall          ||     1
Invok: Renounce Religion ||     1
Armor: Robe              ||     3
Dodge: Dodged            ||     4
